 Dungeon Crawl Stone Soup version 0.26.1-2-gb8aa6d0cf2 (webtiles) character file.

Game seed: 12410662374519353196

10807 MajorAdolf the Cleaver (level 11, -3/90 HPs)
             Began as a Naga Wanderer on Mar 10, 2021.
             Was an Initiate of Gozag.
             Slain by Snorg (20 damage)
             ... on level 10 of the Dungeon.
             The game lasted 00:20:07 (10880 turns).

MajorAdolf the Cleaver (Naga Wanderer)             Turns: 10880, Time: 00:20:08

Health: -3/90      AC: 18    Str: 16    XL:     11   Next: 67%
Magic:  0/14       EV: 11    Int: 13    God:    Gozag
Gold:   1691       SH: 13    Dex: 12    Spells: 14/14 levels left

rFire    . . .     SeeInvis +   g - +2 war axe (venom)
rCold    . . .     Faith    .   B - +0 kite shield
rNeg     + . .     Spirit   +   j - +2 leather armour {rN+}
rPois    +         Reflect  .   x - +1 helmet
rElec    .         Harm     .   O - scarf {+Inv}
rCorr    .         Rampage  .   (no gloves)
Will     +....                  (no barding)
Stlth    +++++.....             p - amulet of guardian spirit
HPRegen  0.25/turn              C - +4 ring of protection
MPRegen  0.14/turn              F - +4 ring of protection

@: short of breath, very slow
A: large, large bone plates 1, camouflage 1, see invisible, deformed body, frail
1, poison resistance, slowness 2, spit poison 2, AC +3
a: Breathe Poison Gas, Breathe Poison Gas, Renounce Religion, Evoke
Invisibility, Potion Petition, Call Merchant, Bribe Branch


You were on level 10 of the Dungeon.
You worshipped Gozag.
Gozag was most pleased with you.
You visited 2 branches of the dungeon, and saw 11 of its levels.

You collected 1909 gold pieces.
You spent 176 gold pieces at shops.
You paid 42 gold pieces to Gozag.

Inventory:

Hand Weapons
 g - a +2 war axe of venom (weapon)
Missiles
 a - 20 poisoned darts
 K - 3 curare-tipped darts
Armour
 j - a +2 leather armour of positive energy (worn)
 x - a +1 helmet (worn)
 B - a +0 kite shield (worn)
 O - a scarf of invisibility (worn)
Jewellery
 p - an amulet of guardian spirit (around neck)
 q - an uncursed ring of willpower
 s - a +6 ring of strength
 t - an uncursed ring of flight
 A - an uncursed ring of fire
 C - a +4 ring of protection (left hand)
 F - a +4 ring of protection (right hand)
Wands
 c - a wand of flame (15)
 l - a wand of polymorph (5)
 w - a wand of iceblast (6)
 y - a wand of disintegration (10)
 z - a wand of random effects (32)
 I - a wand of acid (12)
 L - a wand of enslavement (15)
Scrolls
 b - a scroll of fog
 d - a scroll of holy word {unknown}
 f - 5 scrolls of identify
 o - a scroll of teleportation
 u - 4 scrolls of remove curse
 v - 3 scrolls of magic mapping
 J - 3 scrolls of fear
Potions
 e - 2 potions of mutation
 h - 2 potions of haste {unknown}
 i - 3 potions of flight {unknown}
 k - a potion of curing {unknown}
 m - a potion of lignification {unknown}
 n - 3 potions of attraction {unknown}
 r - 3 potions of invisibility {unknown}
 D - a potion of brilliance {unknown}
 G - a potion of ambrosia {unknown}
 H - a potion of cancellation {unknown}
 M - a potion of might
 N - a potion of heal wounds {unknown}


   Skills:
 + Level 7.0 Fighting
 * Level 9.2 Axes
 - Level 1.0(5.8) Polearms
 + Level 5.3 Armour
 + Level 5.7 Dodging
 + Level 9.0 Stealth
 + Level 5.4 Shields
 - Level 2.0 Spellcasting
 - Level 1.3 Poison Magic
 + Level 6.2 Evocations


You had 14 spell levels left.
You didn't know any spells.
Your spell library contained the following spells:

 Spells                   Type           Power        Failure   Level
 Freeze                   Ice            4%           54%         1
 Summon Small Mammal      Summ           4%           54%         1
 Call Imp                 Summ           1%           69%         2
 Call Canine Familiar     Summ           1%           89%         3
 Frozen Ramparts          Ice            2%           89%         3
 Ozocubu's Armour         Ice            1%           89%         3
 Summon Guardian Golem    Hex/Summ       1%           89%         3
 Hailstorm                Conj/Ice       1%           100%        4
 Summon Ice Beast         Ice/Summ       1%           100%        4
 Summon Lightning Spire   Summ/Air       1%           100%        4


Dungeon Overview and Level Annotations

Branches:
Dungeon (10/15)            Temple (1/1) D:4             Orc (0/2) D:9
   Lair: D:8-11

Altars:
Ashenzari
Cheibriados
Dithmenos
Elyvilon
Fedhas
Gozag
Hepliaklqana
Kikubaaqudgha
Makhleb
Nemelex Xobeh
Okawaru
Qazlal
Ru
Sif Muna
Trog
Uskayaw
Vehumet
Wu Jian
Xom
Yredelemnul
Zin
The Shining One

Shops:
D:7 *   D:8 :

Annotations:
D:3 2 runed translucent doors, Glorbak's ghost, weakling MfTm
D:6 Maggie
D:8 1 runed translucent door
D:10 Snorg


Innate Abilities, Weirdness & Mutations

You cannot wear boots.
Your serpentine skin is tough. (AC +3)
You have supernaturally acute eyesight. (SInv)
Armour fits poorly on your strangely shaped body.
Your system is resistant to poisons. (rPois)
You cover ground very slowly.
You can exhale a cloud of poison.
You are partially covered in large bone plates. (SH +4)
Your skin changes colour to match your surroundings (Stealth+).
You are frail. (-10% HP)


Message History

You block Snorg's attack. Snorg claws you! Snorg claws you. Snorg bites you.
Snorg barely misses you. Snorg closely misses you.
Unknown command.
You slash Snorg!
Snorg looks as sick as possible!
Snorg is heavily wounded.
Snorg bites you!! You block Snorg's attack. Snorg closely misses you.
Unknown command.
You barely miss Snorg.
Snorg is heavily wounded.
You block Snorg's attack. x2; Snorg claws you!
Snorg bites you!
* * * LOW HITPOINT WARNING * * *
You block Snorg's attack. Snorg claws you!
* * * LOW HITPOINT WARNING * * *
Unknown command.
Aiming: Corrosive Bolt
Press: ? - help, Shift-Dir - straight line, f/p - Snorg
Aim: Snorg (heavily wounded, berserk, extremely poisoned, 26% to evade)
The bolt of acid misses Snorg.
Snorg bites you!!
You die...
Your body crumbles into a pile of gold.

#.#
#.#...######.
#.#
####.#.........>
#.#
#...............
#.#
#.##............
..# #
#####(####### $
#.# # #.#
####.#### #.#
#.@T....# #.#
#.#####.# #.#
###.####.# #.#
#.# .........#
#.###.#
....####.#
#.....# .
#.#####.#####
#.......#
###.##### #.#


You could see Snorg (berserk, extremely poisoned).

Vanquished Creatures
  2 two-headed ogres (D:8)
  A queen ant (D:9)
  Joseph (D:9)
  Prince Ribbit (D:5)
  A hornet (D:8)
  Sigmund (D:3)
  A wyvern (D:8)
  A steam dragon (D:9)
  20 soldier ants (D:9)
  3 ice beasts
  2 orc warriors
  2 necrophages
  2 phantoms
  4 ogres
  2 centaurs
  A big kobold (D:10)
  2 gnoll sergeants
  10 bullfrogs
  3 scorpions
  6 killer bees (D:10)
  3 howler monkeys
  2 vampire bats (D:2)
  A quasit (D:8)
  A centaur zombie (D:5)
  3 jellies
  5 hounds
  A centaur skeleton (D:7)
  A gnoll shaman (D:6)
  6 orc priests
  2 bullfrog skeletons
  4 iguanas
  Terence (D:2)
  Natasha (thrice) (D:4)
  25 worker ants
  9 orc wizards
  2 hound skeletons
  A worker ant zombie (D:5)
  Robin (D:4)
  20 gnolls
  10 adders
  2 shadow imps
  3 white imps
  4 ufetubi
  3 oozes
  5 worms
  3 dart slugs
  5 leopard geckos
  29 orcs
  7 bats
  4 bat skeletons (D:2)
  A bat zombie (D:2)
  3 giant cockroaches
  18 goblins
  5 hobgoblins
  10 jackals
  7 quokkas
  A ball python (D:3)
  5 frilled lizards
  A jackal skeleton (D:4)
  20 kobolds
  A quokka skeleton (D:8)
  2 quokka zombies
  8 rats
314 creatures vanquished.

Vanquished Creatures (others)
  Erica (D:8)
1 creature vanquished.

Grand Total: 315 creatures vanquished

Notes
Turn   | Place    | Note
-------+----------+-------------------------------------------
     0 | D:1      | MajorAdolf the Naga Wanderer began the quest for the Orb.
     0 | D:1      | MajorAdolf set off with the following items: a +2 spear, a
                  | +0 quarterstaff, a +0 buckler, a +0 robe
     0 | D:1      | Reached XP level 1. HP: 19/19 MP: 3/3
   229 | D:1      | Reached XP level 2. HP: 25/26 MP: 5/5
   600 | D:1      | Reached XP level 3. HP: 32/32 MP: 6/6
   913 | D:1      | Reached skill level 1 in Evocations
  1098 | D:2      | Reached skill level 1 in Axes
  1434 | D:2      | Reached XP level 4. HP: 27/40 MP: 7/7
  1645 | D:2      | Reached skill level 1 in Armour
  2016 | D:2      | Noticed Terence
  2023 | D:2      | Killed Terence
  2081 | D:2      | Found an ancient bone altar of Kikubaaqudgha.
  2094 | D:2      | Reached XP level 5. HP: 37/48 MP: 8/8
  2722 | D:3      | Reached XP level 6. HP: 40/56 MP: 4/9
  3082 | D:3      | Noticed Sigmund
  3085 | D:2      | Gained mutation: You are frail. (-10% HP) [potion of
                  | mutation]
  3085 | D:2      | Gained mutation: Your skin changes colour to match your
                  | surroundings (Stealth+). [potion of mutation]
  3085 | D:2      | Gained mutation: You are partially covered in large bone
                  | plates. (SH +4) [potion of mutation]
  3085 | D:2      | Gained mutation: You can exhale a cloud of poison. [potion
                  | of mutation]
  3309 | D:3      | Killed Sigmund
  3310 | D:3      | Reached XP level 7. HP: 37/55 MP: 6/10
  3672 | D:3      | Found a large runed translucent door.
  3672 | D:3      | Found a large runed translucent door.
  3676 | D:3      | Noticed Glorbak's ghost (weakling MfTm)
  3902 | D:4      | Noticed Natasha
  3904 | D:4      | Killed Natasha
  3935 | D:4      | Noticed Natasha
  3939 | D:4      | Killed Natasha
  3957 | D:4      | Noticed Natasha
  3960 | D:4      | Killed Natasha
  4470 | D:4      | Found a staircase to the Ecumenical Temple.
  4482 | D:4      | Reached XP level 8. HP: 60/64 MP: 9/11
  4484 | Temple   | Entered the Ecumenical Temple
  4567 | Temple   | Became a worshipper of Gozag Ym Sagoz the Greedy
  4649 | D:4      | Noticed Robin
  4659 | D:4      | Killed Robin
  4818 | D:5      | Entered Level 5 of the Dungeon
  4990 | D:5      | Noticed Prince Ribbit
  4993 | D:5      | Killed Prince Ribbit
  5667 | D:6      | Reached skill level 5 in Axes
  6081 | D:6      | Noticed Maggie
  6398 | D:7      | Reached XP level 9. HP: 64/71 MP: 10/12
  6779 | D:7      | Reached skill level 5 in Fighting
  6930 | D:7      | Reached skill level 5 in Stealth
  7233 | D:7      | Found Lufferoi's Assorted Antiques.
  7239 | D:7      | Bought a scroll labelled ZAINARA FUD YWKE for 22 gold
                  | pieces
  7239 | D:7      | Bought a scroll labelled ZAINARA FUD YWKE for 22 gold
                  | pieces
  7239 | D:7      | Bought an encrusted gold wand for 88 gold pieces
  7239 | D:7      | Bought a scroll of identify for 44 gold pieces
  7390 | D:8      | Noticed a two-headed ogre
  7400 | D:8      | Killed a two-headed ogre
  7502 | D:8      | Noticed a sixfirhy
  7503 | D:8      | Found a runed translucent door.
  7617 | D:8      | Reached XP level 10. HP: 46/79 MP: 5/13
  8011 | D:8      | Noticed a two-headed ogre
  8023 | D:8      | Noticed Erica
  8025 | D:8      | Killed a two-headed ogre
  8026 | D:8      | Reached skill level 5 in Evocations
  8039 | D:8      | Killed Erica
  8833 | D:8      | Found Kosyr's Book Shop.
  8848 | D:8      | Reached skill level 5 in Dodging
  9622 | D:9      | Found a stormy altar of Qazlal.
  9696 | D:9      | Reached XP level 11. HP: 89/89 MP: 14/14
  9700 | D:9      | Noticed a queen ant
  9711 | D:9      | Reached skill level 5 in Shields
  9712 | D:9      | Killed a queen ant
  9723 | D:9      | Reached skill level 5 in Armour
  9879 | D:9      | Noticed Joseph
  9971 | D:9      | Killed Joseph
 10435 | D:9      | Found a staircase to the Orcish Mines.
 10688 | D:10     | Entered Level 10 of the Dungeon
 10871 | D:10     | Noticed Snorg
 10880 | D:10     | Slain by Snorg

Illustrated notes

Levels and vault maps discovered:
D:1:      dpeg_arrival_renting, layout_rooms
D:2:      layout_loops_ring, kennysheep_vampire_church, minmay_domino_4,
          uniq_terence
D:3:      layout_loops_ring, ebering_ghost_disaster_area, uniq_sigmund
D:4:      layout_gridville, minmay_temple_entry_mist, uniq_natasha, uniq_robin
D:5:      layout_basic, hangedman_decor_riveting, uniq_prince_ribbit1
D:6:      layout_loops_ring, kennysheep_another_room, uniq_maggie
D:7:      layout_loops_ring, serial_shops, nicolae_shop_overgrown_old_shop
D:8:      cheibrodos_shockbox, layout_cave_pods, serial_shops,
          nicolae_shop_competitors_out_of_business, uniq_erica
D:9:      layout_stronghold, orc_0_dummy, basic_altar, minivault_29, uniq_joseph
D:10:     layout_loops_ring, serial_shops, shop, kennysheep_generic_room_9,
          uniq_snorg
Temple:   dpeg_three_leaves_temple

Skill      XL: |  1  2  3  4  5  6  7  8  9 10 11 |
---------------+----------------------------------+-----
Evocations     | 1 2 3 4 5 6 |  6.2
Axes           | 1 2 3 4 5 6 8 9 |  9.2
Armour         | 1 2 3 4 5 |  5.3
Dodging        | 2 3 4 5 |  5.7
Fighting       | 3 4 5 6 7 |  7.0
Shields        | 2 3 4 5 |  5.4
Stealth        | 2 4 5 7 9 |  9.0
Polearms       | |  1.0
Spellcasting   | |  2.0
Poison Magic   | |  1.3

Action                   |  1- 3 |  4- 6 |  7- 9 | 10-12 || total
-------------------------+-------+-------+-------+-------++-------
Melee: Spear             |    53 |       |       |       ||    53
       Hand axe          |    19 |    70 |       |       ||    89
       War axe           |       |    34 |   301 |   356 ||   691
 Abil: Spit Poison       |    17 |    18 |       |       ||    35
       Breathe Poison Ga |       |     1 |    12 |     8 ||    21
Evoke: Wand              |       |       |       |     1 ||     1
  Use: Scroll            |       |     4 |    12 |     1 ||    17
       Potion            |       |     1 |       |       ||     1
 Stab: Sleeping          |     2 |       |    13 |    15 ||    30
       Distracted        |       |       |     1 |     3 ||     4
Armor: Robe              |     2 |       |       |       ||     2
       Leather armour    |    15 |    65 |   118 |   107 ||   305
Dodge: Dodged            |    36 |    72 |   129 |    97 ||   334
Block: Buckler           |    15 |    31 |    53 |       ||    99
       Kite shield       |       |       |   132 |   195 ||   327
